 Dungeon Crawl Stone Soup version 0.32-a0-450-g080537f (webtiles) character file.

Game seed: 4228261244042795181

9029 bongcheondong the Thaumaturge (level 11, 0/72 (77) HPs)
             Began as a Demonspawn Ice Elementalist on Feb 23, 2024.
             Was a Believer of Vehumet.
             Killed from afar by Fannar (14 damage)
             ... with a bolt of cold
             ... on level 10 of the Dungeon.
             The game lasted 00:37:11 (10110 turns).

bongcheondong the Thaumaturge (DsIE)               Turns: 10110, Time: 00:37:12

HP:   0/72 (77)     AC:  8    Str:  9    XL:     11   Next: 17%
MP:   25/26         EV: 12    Int: 20    God:    Vehumet [**....]
Gold: 712           SH:  0    Dex: 13    Spells: 26/33 levels left

rFire   + . .        P - +4 falchion (freeze)
rCold   + . .        (no shield)
rNeg    . . .        I - +0 robe {rC+ rF+}
rPois   .            i - +0 helmet
rElec   .            (no cloak)
rCorr   .            K - +1 pair of gloves
SInv    .            (no boots)
Will    .....        w - amulet of the acrobat
Stlth   ++           L - ring of wizardry
HPRegen 0.32/turn    (no ring)
MPRegen 0.20/turn

%: acrobat, wizardry (x1)
@: mighty, drained
A: slimy green scales 2, foul stench 2, demonic magic 3
a: Renounce Religion


You were on level 10 of the Dungeon.
You worshipped Vehumet.
Vehumet was pleased with you.
You visited 2 branches of the dungeon, and saw 11 of its levels.

You collected 712 gold pieces.

Inventory:

Hand Weapons
 f - a +0 short sword
 P - a +4 falchion of freezing (weapon)
Missiles
 G - 2 throwing nets
Armour
 a - a +0 robe
 i - a +0 helmet (worn)
 I - a +0 robe of resistance (worn)
 K - a +1 pair of gloves (worn)
Jewellery
 o - an amulet of guardian spirit
 q - a ring of flight
 w - an amulet of the acrobat (around neck)
 L - a ring of wizardry (left hand)
 M - a ring of wizardry
 N - a +6 ring of strength
 O - a ring of fire
Scrolls
 d - 3 scrolls of vulnerability {unknown}
 h - a scroll of silence {unknown}
 j - a scroll of brand weapon {unknown}
 k - 2 scrolls of teleportation
 p - 2 scrolls of fear {unknown}
 r - 2 scrolls of torment {unknown}
 t - a scroll of summoning {unknown}
 u - 2 scrolls of immolation {unknown}
 x - a scroll of fog {unknown}
 y - 3 scrolls of blinking {unknown}
 C - a scroll of noise {unknown}
 D - 2 scrolls of poison {unknown}
 E - 4 scrolls of enchant weapon {unknown}
 F - 3 scrolls of revelation {unknown}
 J - a scroll of amnesia {unknown}
Potions
 b - a potion of magic
 e - a potion of experience {unknown}
 g - 3 potions of resistance
 l - 3 potions of heal wounds
 m - 4 potions of curing
 n - a potion of might
 s - a potion of degeneration {unknown}
 v - 2 potions of lignification {unknown}
 z - 2 potions of mutation {unknown}
 A - a potion of berserk rage {unknown}
 B - 2 potions of attraction
 H - a potion of haste {unknown}
 Q - a potion of ambrosia {unknown}


   Skills:
 - Level 4.3 Fighting
 - Level 3.0 Dodging
 - Level 2.0 Stealth
 + Level 11.9 Spellcasting
 * Level 3.3 Conjurations
 * Level 3.0 Fire Magic
 + Level 9.4 Ice Magic


You had 26 spell levels left.
You knew the following spells:

 Your Spells              Type           Power      Damage    Failure   Level
a - Freeze                Ice            100%       1d10      1%          1
b - Frozen Ramparts       Ice            98%        1d15      1%          3
c - Ozocubu's Armour      Ice            49%        N/A       1%          3

Your spell library contained the following spells:

 Spells                   Type           Power      Damage    Failure   Level
 Scorch                   Fire           48%        2d7       1%          2
 Ensorcelled Hibernation  Hex/Ice        60%        N/A       1%          2
 Summon Ice Beast         Ice/Summ       30%        N/A       1%          3
 Fugue of the Fallen      Necr           11%        N/A       7%          3
 Anguish                  Hex/Necr       5%         N/A       22%         4
 Animate Dead             Necr           11%        N/A       22%         4
 Haunt                    Necr/Summ      5%         N/A       100%        7
 Infestation              Necr           5%         N/A       100%        8


Dungeon Overview and Level Annotations

Branches:
Dungeon (10/15)            Temple (1/1) D:7            Lair (0/5) D:10
    Orc: D:9-12

Altars:
Ashenzari
Cheibriados
Dithmenos
Fedhas
Gozag
Hepliaklqana
Kikubaaqudgha
Makhleb
Nemelex Xobeh
Okawaru
Qazlal
Ru
Sif Muna
Trog
Uskayaw
Vehumet
Wu Jian
Xom
Yredelemnul

Shops:
D:5 (:[

Annotations:
D:3 1 runed translucent door, Dega's ghost, amateur OpFi
D:9 Jeremiah
D:10 Fannar


Innate Abilities, Weirdness & Mutations

You are mostly covered in slimy green scales. (AC +3)
You sometimes emit foul miasma when damaged in melee.
Spells you cast and wands you use may paralyse nearby enemies.


Message History

Press: ? - help, v - describe, . - travel The floor.
Unknown command.
You slash Fannar!
Fannar is severely wounded.
Fannar resists.
The wall freezes Fannar.
Fannar gestures wildly while chanting.
You closely miss Fannar.
Fannar is severely wounded.
Fannar resists.
The wall freezes Fannar.
Fannar casts a spell.
The ice beast completely resists.
The wall freezes the ice beast but does no damage.
You miss Fannar.
Fannar is severely wounded.
Fannar resists.
The wall freezes Fannar.
Fannar mumbles some strange words.
Fannar drains the heat from the surrounding environment!
You resist.
* * * LOW HITPOINT WARNING * * *
The wall freezes the ice beast but does no damage.
The ice beast completely resists.
The wall freezes the ice beast but does no damage.
The ice beast hits you but does no damage.
You slash the ice beast!
The ice beast is heavily wounded.
Your icy armour evaporates.
The ice beast completely resists.
The wall freezes the ice beast but does no damage.
The ice beast hits you but does no damage.
Fannar resists.
The wall freezes Fannar.
You slash the ice beast!
The ice beast is severely wounded.
The frozen ramparts melt away.
The ice beast hits you but does no damage.
The ice beast closely misses you. Fannar casts a spell at you.
The bolt of cold hits the ice beast.
The ice beast completely resists.
The bolt of cold hits you! You resist.
You die...

.##......#............
.#########.##.########
.# #.##....# # ##
#....##.######.##
.................># #
######.##.#####.......
# #..#e# ...#### #
##.#Y# ..... .#@#
....## #Y# ..e...
#.......#...##
#####...#.... .#


You could see Fannar and 2 ice beasts.

Vanquished Creatures
  Gastronok (D:8)
  A boulder beetle (D:10)
  Pikel (D:6)
  Joseph (D:8)
  An unseen horror (D:9)
  Prince Ribbit (D:9)
  3 wyverns
  Grum (D:9)
  12 yaks (D:9)
  A steam dragon (D:8)
  3 water moccasins
  An orc warrior (D:9)
  3 black bears
  2 sky beasts
  2 wolves (D:9)
  2 centaurs
  4 lemures (D:6)
  A phantom (D:6)
  3 bullfrogs
  A gnoll sergeant (D:8)
  A scorpion (D:5)
  6 wights
  5 killer bees (D:8)
  4 howler monkeys
  3 bombardier beetles
  2 hounds (D:7)
  2 jellies
  4 gnoll boudas
  10 orc priests
  A sleepcap (D:7)
  Terence (D:2)
  2 iguanas (D:5)
  11 orc wizards
  Robin (D:4)
  24 gnolls
  10 adders
  4 white imps
  3 dart slugs
  2 ribbon worms
  32 orcs
  11 ball pythons
  2 bats
  6 endoplasms
  5 giant cockroaches
  12 goblins
  7 hobgoblins (D:4)
  9 kobolds
  3 quokkas
  11 rats
239 creatures vanquished.

Notes
Turn   | Place    | Note
-------+----------+-------------------------------------------
     0 | D:1      | bongcheondong the Demonspawn Ice Elementalist began the
                  | quest for the Orb.
     0 | D:1      | Reached XP level 1. HP: 13/13 MP: 3/3
   385 | D:1      | Gained mutation: You may rarely emit foul miasma when
                  | damaged in melee. [demonic ancestry]
   385 | D:1      | Reached XP level 2. HP: 14/19 MP: 0/5
   761 | D:1      | Gained mutation: You are partially covered in slimy green
                  | scales. (AC +2) [demonic ancestry]
   761 | D:1      | Reached XP level 3. HP: 24/24 MP: 3/6
  1219 | D:2      | Noticed Terence
  1226 | D:2      | Learned a level 3 spell: Frozen Ramparts
  1235 | D:2      | Killed Terence
  1441 | D:2      | Found an ancient bone altar of Kikubaaqudgha.
  1511 | D:2      | Reached skill level 3 in Spellcasting
  1511 | D:2      | Gained mutation: Spells you cast may paralyse adjacent
                  | enemies. [demonic ancestry]
  1511 | D:2      | Reached XP level 4. HP: 13/30 MP: 4/8
  2219 | D:3      | Learned a level 3 spell: Ozocubu's Armour
  2284 | D:3      | Gained mutation: Spells you cast may paralyse nearby
                  | enemies. [demonic ancestry]
  2284 | D:3      | Reached XP level 5. HP: 30/35 MP: 5/10
  2558 | D:3      | Reached skill level 5 in Ice Magic
  2662 | D:3      | Reached skill level 4 in Spellcasting
  3112 | D:3      | Found a runed translucent door.
  3112 | D:3      | Noticed Dega's ghost (amateur OpFi)
  3203 | D:4      | Noticed a sky beast
  3209 | D:4      | Killed a sky beast
  3210 | D:4      | Reached XP level 6. HP: 41/41 MP: 2/12
  3409 | D:4      | Reached skill level 5 in Spellcasting
  3410 | D:4      | Gained mutation: You sometimes emit foul miasma when
                  | damaged in melee. [demonic ancestry]
  3410 | D:4      | Reached XP level 7. HP: 30/46 MP: 6/14
  3529 | D:4      | Noticed Robin
  3538 | D:4      | Killed Robin
  3711 | D:4      | Found a blossoming altar of Fedhas.
  4367 | D:5      | Entered Level 5 of the Dungeon
  4378 | D:5      | Found Cishimip's Weapon Emporium.
  4438 | D:5      | Reached skill level 6 in Spellcasting
  4528 | D:5      | Found a stormy altar of Qazlal.
  4619 | D:5      | Gained mutation: You are mostly covered in slimy green
                  | scales. (AC +3) [demonic ancestry]
  4619 | D:5      | Reached XP level 8. HP: 52/52 MP: 9/17
  4789 | D:5      | Found an ornate altar of the Wu Jian Council.
  4868 | D:5      | Found Duuh's Book Shoppe.
  4919 | D:5      | Found Cipt's Antique Armour Shop.
  5137 | D:5      | Found a burning altar of Makhleb.
  5259 | D:5      | Found a shimmering blue altar of Sif Muna.
  5302 | D:5      | Found a snail-covered altar of Cheibriados.
  5516 | D:6      | Reached skill level 7 in Spellcasting
  5978 | D:6      | Noticed Pikel
  6003 | D:6      | Killed Pikel
  6004 | D:6      | Reached skill level 8 in Spellcasting
  6004 | D:6      | Gained mutation: Spells you cast and wands you use may
                  | paralyse nearby enemies. [demonic ancestry]
  6004 | D:6      | Reached XP level 9. HP: 37/57 MP: 4/21
  6225 | D:6      | Found a basalt altar of Yredelemnul.
  6228 | D:6      | Found a radiant altar of Vehumet.
  6228 | D:6      | Found a shimmering blue altar of Sif Muna.
  6230 | D:6      | Found a burning altar of Makhleb.
  6230 | D:6      | Found a shimmering blue altar of Sif Muna.
  6230 | D:6      | Found a shimmering altar of Xom.
  6526 | D:7      | Reached skill level 1 in Fighting
  6828 | D:7      | Found a staircase to the Ecumenical Temple.
  6837 | Temple   | Entered the Ecumenical Temple
  6842 | Temple   | Became a worshipper of Vehumet
  6959 | D:7      | Found an ancient bone altar of Kikubaaqudgha.
  6959 | D:7      | Found a sparkling altar of Nemelex Xobeh.
  6959 | D:7      | Found a hazy altar of Hepliaklqana.
  7230 | D:8      | Reached skill level 9 in Spellcasting
  7330 | D:8      | Noticed Joseph
  7355 | D:8      | Killed Joseph
  7829 | D:8      | Reached skill level 10 in Spellcasting
  7857 | D:8      | Noticed Gastronok
  7882 | D:8      | Killed Gastronok
  7883 | D:8      | Reached XP level 10. HP: 19/72 MP: 2/24
  8380 | D:9      | Reached skill level 11 in Spellcasting
  8389 | D:9      | Reached * piety under Vehumet
  8389 | D:9      | Offered knowledge of Foxfire by Vehumet.
  8391 | D:9      | Reached skill level 1 in Conjurations
  8396 | D:9      | Reached skill level 1 in Fire Magic
  8838 | D:9      | Noticed Grum
  8848 | D:9      | Killed Grum
  9116 | D:9      | Noticed Jeremiah
  9123 | D:9      | Reached XP level 11. HP: 38/77 MP: 22/26
  9124 | D:9      | Noticed Prince Ribbit
  9220 | D:9      | Killed Prince Ribbit
  9324 | D:9      | Offered knowledge of Scorch by Vehumet.
  9326 | D:9      | Reached ** piety under Vehumet
  9646 | D:10     | Entered Level 10 of the Dungeon
  9646 | D:10     | Noticed a boulder beetle
  9646 | D:10     | Found a staircase to the Lair.
  9665 | D:10     | Killed a boulder beetle
 10026 | D:10     | Noticed Fannar
 10110 | D:10     | Killed from afar by Fannar

Illustrated notes

Levels and vault maps discovered:
D:1:      shiori_shiawase, layout_basic
D:2:      layout_loops_ring, basic_altar, uniq_terence
D:3:      layout_basic, gammafunk_ghost_grave, minmay_misc_feat_doors,
          chequers_avenue, kennysheep_cross_bottleneck,
          minmay_randomly_rotated_circles
D:4:      layout_basic, marbit_many_paths, serial_glass, glass_columns_c,
          glass_columns_c, glass_columns_b, glass_columns_a, glass_columns_b,
          glass_columns_c, glass_columns_c, glass_columns_a, glass_columns_c,
          glass_columns_b, glass_columns_a, glass_columns_b, glass_columns_a,
          glass_columns_b, due_unseen_surprise, item_on_display_a,
          columned_hall_lemuel, minmay_misc_feat_room, uniq_robin
D:5:      layout_cave_pods, nicolae_overflow_crystal_walls, old_standard_altar,
          lemuel_tele_altar, mainiacjoe_overflow_two_lobes, serial_shops,
          nicolae_shop_gibbet_a_chance, nicolae_shop_window_shopping, shop_coins
D:6:      layout_gridville, doesnt_xom_only_xom, nrook_mini_vaults, uniq_pikel
D:7:      layout_gridville, grunt_temple_overflow_open,
          minmay_temple_entry_grid, grunt_ministairs_10
D:8:      layout_loops_ring, nrook_loot_triangle, uniq_gastronok, uniq_joseph
D:9:      layout_rooms, bh_walls_and_bars, uniq_prince_ribbit1, uniq_grum,
          uniq_jeremiah
D:10:     wad_crossroads, layout_basic, uniq_fannar
Temple:   hellmonk_temple_micro_hex

Skill      XL: |  1  2  3  4  5  6  7  8  9 10 11 |
---------------+----------------------------------+-----
Ice Magic      | 4 5 6 8 9 |  9.4
Spellcasting   | 3 4 5 6 8 10 11 | 11.9
Stealth        | 2 |  2.0
Dodging        | 2 3 |  3.0
Fighting       | 4 |  4.3
Conjurations   | 2 3 |  3.3
Fire Magic     | 2 3 |  3.0

Action                     |  1- 3 |  4- 6 |  7- 9 | 10-12 || total
---------------------------+-------+-------+-------+-------++-------
  Melee: Short sword       |    19 |    30 |   157 |    51 ||   257
         Unarmed           |     2 |       |       |       ||     2
         Falchion          |       |       |       |    60 ||    60
   Cast: Freeze            |    42 |    39 |   107 |    77 ||   265
         Frozen Ramparts   |     2 |     7 |    33 |    23 ||    65
         Ozocubu's Armour  |       |     1 |    15 |    15 ||    31
  Evoke: Wand              |       |       |     1 |     5 ||     6
    Use: Scroll            |       |       |     6 |     1 ||     7
         Potion            |       |       |       |     1 ||     1
   Stab: Sleeping          |     1 |     4 |     2 |     1 ||     8
         Paralysed         |       |     8 |    70 |    37 ||   115
         Invisible         |       |       |       |     1 ||     1
 Armour: Robe              |    30 |    19 |   110 |   100 ||   259
  Dodge: Dodged            |    31 |    15 |   115 |    89 ||   250

Table legend: (Time is in decaauts)
 A = Elapsed time spent in this place.
 B = Non-inter-level travel time spent in this place.
 C = Inter-level travel time spent in this place.
 D = Time resting spent in this place.
 E = Time spent auto-exploring this place.
 F = Levels seen in this place.
 G = Mean time per level.
                   A        B        C        D        E       F      G
               +--------+--------+--------+--------+--------+-----+--------+
         Total |  10156 |   9902 |    254 |    457 |   7701 |  11 |  923.3 |
       Dungeon |  10145 |   9891 |    254 |    457 |   7701 |  10 | 1014.5 |
        Temple |     10 |     10 |      0 |      0 |      0 |   1 |   10.0 |
               +--------+--------+--------+--------+--------+-----+--------+

Top non-repeatable levels by time:
     D:9: 1273 daAuts
     D:8: 1258 daAuts
     D:1: 1185 daAuts
     D:4: 1181 daAuts
     D:5: 1143 daAuts
     D:3: 1086 daAuts
     D:2: 911 daAuts
     D:6: 850 daAuts
     D:7: 772 daAuts
    D:10: 480 daAuts
  Temple: 10 daAuts
